 Dungeon Crawl Stone Soup version 0.31-a0-178-g96ec847f19 (webtiles) character file.

Game seed: 8099668148176775357

175 qw the Chopper (level 5, -1/32 HPs)
             Began as a Gargoyle Fighter on June 18, 2023.
             Slain by a killer bee (4 damage)
             ... on level 7 of the Dungeon.
             The game lasted 00:01:24 (2696 turns).

qw the Chopper (Gargoyle Fighter)                   Turns: 2696, Time: 00:01:25

Health: -1/32      AC: 13    Str: 19 (21) XL:     5   Next: 55%
Magic:  5/5        EV:  8    Int:  6 (9)  God:
Gold:   97         SH:  5    Dex: 14 (15) Spells: 4/4 levels left

rFire   . . .        Y - +0 war axe (freeze)
rCold   + . .        c - +0 buckler
rNeg    + . .        o - +0 chain mail
rPois   inf          (no helmet)
rElec   +            (no cloak)
rCorr   .            (no gloves)
SInv    +            (no boots)
Will    +....        (no amulet) Stlth
                     h - +6 ring of dexterity
HPRegen 0.25/turn    i - ring of see invisible
MPRegen 0.09/turn

%: no passive effects
@: no status effects
A: sickness immunity, AC +4, negative energy resistance 1, electricity
resistance, torment resistance 1, petrification resistance, cold resistance 1,
strong-willed 1, wild magic 1
a: no special abilities


You were on level 7 of the Dungeon.
You visited 1 branch of the dungeon, and saw 5 of its levels.

You collected 262 gold pieces.
You spent 165 gold pieces at shops.


Innate Abilities, Weirdness & Mutations

You are immune to sickness and miasma.
Your stone body is resilient. (AC +4)
You are immune to poison.
You resist negative energy. (rN+)
You are resistant to electric shocks. (rElec)
You are resistant to unholy torment.
You are immune to petrification.
Your flesh is cold resistant. (rC+)
You are strong-willed. (Will+)
Your spells are a little harder to cast, but a little more powerful.


   Skills:
 - Level 3.2 Fighting
 + Level 4.9 Axes
 - Level 3.2 Armour
 - Level 1.0 Dodging
 - Level 3.2 Shields


You had 4 spell levels left.
You didn't know any spells.
Your spell library was empty.

Inventory:

Hand Weapons
 m - a +0 flail
 Y - a +0 war axe of freezing (weapon)
Armour
 c - a +0 buckler (worn)
 o - a +0 chain mail (worn)
Jewellery
 h - a +6 ring of dexterity (left hand)
 i - a ring of see invisible (right hand)
Scrolls
 b - a scroll of poison {unknown}
 f - a scroll of teleportation {unknown}
 g - 2 scrolls of identify
Potions
 a - 2 potions of curing
 d - a potion of might
 e - a potion of haste {unknown}
 j - a potion of lignification {unknown}
 l - a potion of mutation

Dungeon Overview and Level Annotations

Branches:
Dungeon (4/15)
 Temple: D:4-7

Altars:

Shops:
D:3 =

Annotations:
D:2 1 runed translucent door, Crazy Yiuf


Message History

You block the killer bee's attack. The killer bee barely misses you.
The killer bee stings you but does no damage.
You block the killer bee's attack.
You barely miss the killer bee. You completely miss the killer bee.
You hit the killer bee but do no damage.
The killer bee stings you but does no damage. x2
You block the killer bee's attack.
The killer bee stings you but does no damage.
The killer bee barely misses you.
You closely miss the killer bee. x2; You completely miss the killer bee.
You miss the killer bee. You block the killer bee's attack.
The killer bee closely misses you. x3
The killer bee stings you. x2
The killer bee stings you but does no damage.
You block the killer bee's attack. The killer bee barely misses you.
The killer bee completely misses you.
The killer bee stings you but does no damage.
The killer bee stings you!
You closely miss the killer bee. x2; You slash the killer bee!
You freeze the killer bee. You hit the killer bee. You freeze the killer bee.
The killer bee stings you. You block the killer bee's attack. x2
The killer bee barely misses you. The killer bee completely misses you.
The killer bee stings you but does no damage.
The killer bee stings you. The killer bee completely misses you.
You closely miss the killer bee.
The killer bee is severely wounded.
You hit the killer bee. You freeze the killer bee.
You closely miss the killer bee. You miss the killer bee.
You block the killer bee's attack.
The killer bee stings you but does no damage.
The killer bee closely misses you. x2; The killer bee barely misses you.
The killer bee misses you. The killer bee completely misses you.
The killer bee stings you. You block the killer bee's attack.
The killer bee stings you but does no damage.
The killer bee stings you! The killer bee closely misses you.
You closely miss the killer bee.
The killer bee is severely wounded.
You closely miss the killer bee. x3
You block the killer bee's attack. The killer bee stings you.
You die...

#### ... # #.#
#.####.# # #.#....#
.#
#####....######..#
............yy...###
............@yy$....
.........####y......
.........# .......
.........# .......
######...# .......
..... ....... #.....
....... .......


You could see 5 killer bees.

Vanquished Creatures
  Natasha (thrice) (D:3)
  2 adders (D:3)
  A worm (D:2)
  2 dart slugs
  3 orcs
  8 bats
  4 endoplasms
  3 giant cockroaches
  4 goblins
  7 hobgoblins
  6 jackals
  10 kobolds
  7 ball pythons
  A frilled lizard (D:1)
  8 rats
69 creatures vanquished.

Notes
Turn   | Place    | Note
-------+----------+-------------------------------------------
     0 | D:1      | qw the Gargoyle Fighter began the quest for the Orb.
     0 | D:1      | Reached XP level 1. HP: 14/14 MP: 1/1
     0 | D:1      | 0 ||| qw: Version: 0.3-a-7-ge0c9b40
     0 | D:1      | 0 ||| qw: Game counter: 867
     0 | D:1      | 0 ||| qw: Always use a shield: true
     0 | D:1      | 0 ||| qw: God list: Okawaru
     0 | D:1      | 0 ||| qw: Allow faded altars: false
     0 | D:1      | 0 ||| qw: Do Orc after D:15 true
     0 | D:1      | 0 ||| qw: Do second Lair branch before Depths: true
     0 | D:1      | 0 ||| qw: Lair rune preference: random
     0 | D:1      | 0 ||| qw: Plans: Normal, Zot:1-4, Slime:5, God:TSO, Crypt,
                  | Tomb, Abyss, Pan, Hells, Win
     0 | D:1      | 0 ||| PLANNING D:1-11
    96 | D:1      | Reached skill level 2 in Axes
   108 | D:1      | 108 ||| Stepping ~*~*~tactically~*~*~ (stealth).
   155 | D:1      | Reached XP level 2. HP: 19/19 MP: 2/2
   255 | D:1      | 255 ||| DROPPING +0 club.
   400 | D:1      | 400 ||| Stepping ~*~*~tactically~*~*~ (stealth).
   407 | D:1      | Reached skill level 3 in Axes
   414 | D:1      | Reached XP level 3. HP: 23/23 MP: 3/3
   747 | D:1      | 747 ||| UPGRADING to +6 ring of dexterity.
   748 | D:1      | 748 ||| READING scroll labelled QEASUO OWUKLA.
   749 | D:1      | 749 ||| READING scroll labelled HYEDAS QAULISS.
   750 | D:1      | 750 ||| READING scroll labelled BERGHUX BUSUNY.
   751 | D:1      | 751 ||| READING scroll labelled WYRIPT WOPTUJ.
   859 | D:2      | 859 ||| Stepping ~*~*~tactically~*~*~ (hiding).
   986 | D:2      | 986 ||| Stepping ~*~*~tactically~*~*~ (stealth).
   997 | D:2      | Found a runed translucent door.
   998 | D:2      | Noticed Crazy Yiuf
  1010 | D:2      | 1010 ||| Stepping ~*~*~tactically~*~*~ (stealth).
  1013 | D:2      | 1013 ||| Stepping ~*~*~tactically~*~*~ (hiding).
  1063 | D:2      | 1063 ||| Stepping ~*~*~tactically~*~*~ (stealth).
  1067 | D:2      | 1067 ||| Stepping ~*~*~tactically~*~*~ (stealth).
  1078 | D:2      | Reached skill level 1 in Dodging
  1080 | D:2      | 1080 ||| DROPPING +0 whip.
  1413 | D:2      | Reached XP level 4. HP: 28/28 MP: 4/4
  1607 | D:2      | 1607 ||| READING scroll labelled IBITIS AN WIUM.
  1608 | D:2      | 1608 ||| READING 2 scrolls of identify.
  1608 | D:2      | 1608 ||| IDENTIFYING black potion
  1690 | D:3      | Found Ridy's Jewellery Shoppe.
  1714 | D:3      | 1714 ||| SHOPLISTING amulet of reflection (330 gold, have
                  | 189).
  1714 | D:3      | 1714 ||| SHOPLISTING amulet of regeneration (330 gold, have
                  | 189).
  1714 | D:3      | 1714 ||| SHOPLISTING amulet of the Four Winds {rN+ Will+++
                  | Clar} (667 gold, have 189).
  1714 | D:3      | 1714 ||| SHOPLISTING ring of Amelioration {Drain +Blink
                  | Str+6 Int+3} (557 gold, have 189).
  1714 | D:3      | 1714 ||| SHOPLISTING ring of positive energy (220 gold,
                  | have 189).
  1714 | D:3      | 1714 ||| BUYING ring of see invisible (165 gold).
  1714 | D:3      | Bought a ring of see invisible for 165 gold pieces
  1832 | D:3      | 1832 ||| Stepping ~*~*~tactically~*~*~ (stealth).
  1932 | D:3      | 1932 ||| DROPPING +0 mace.
  1995 | D:3      | Noticed Natasha
  1996 | D:3      | 1996 ||| Stepping ~*~*~tactically~*~*~ (hiding).
  2002 | D:3      | Killed Natasha
  2003 | D:3      | Reached skill level 4 in Axes
  2054 | D:3      | Noticed Natasha
  2059 | D:3      | Killed Natasha
  2060 | D:3      | Reached XP level 5. HP: 32/32 MP: 5/5
  2173 | D:3      | Noticed Natasha
  2237 | D:3      | Killed Natasha
  2378 | D:3      | 2378 ||| UPGRADING to +0 chain mail.
  2388 | D:3      | 2388 ||| DROPPING +0 scale mail.
  2389 | D:3      | 2389 ||| UPGRADING to ring of see invisible.
  2390 | D:3      | 2390 ||| READING scroll labelled LENWEUTSAO.
  2391 | D:3      | 2391 ||| DRINKING 2 lumpy golden potions.
  2392 | D:3      | 2392 ||| DRINKING 2 lumpy amethyst potions.
  2392 | D:3      | Gained mutation: Your spells are a little harder to cast,
                  | but a little more powerful. [potion of mutation]
  2392 | D:3      | Gained mutation: Your flesh is cold resistant. (rC+)
                  | [potion of mutation]
  2392 | D:3      | Gained mutation: You are strong-willed. (Will+) [potion of
                  | mutation]
  2393 | D:3      | 2393 ||| DROPPING potion of degeneration.
  2677 | D:4      | You fall into a shaft and drop 3 floors!
  2695 | D:7      | HP: 2/32 [killer bee (7)]
  2696 | D:7      | Slain by a killer bee

Levels and vault maps discovered:
D:1:      spicycebolla_green_bress_n_ham, layout_loops_cross,
          minmay_crystal_room, minivault_27
D:2:      layout_loops_ring, uniq_crazy_yiuf_cottage
D:3:      layout_basic, serial_shops, shop, uniq_natasha
D:4:      black_bear_nest_2, layout_gridville, roderic_three_in_a_row
D:7:      layout_basic, lemuel_round_altar, marbit_many_paths,
          mainiacjoe_overflow_catch_the_wave, serial_shops, shop,
          minmay_lizard_king

Skill      XL: |  1  2  3  4 |
---------------+-------------+-----
Axes           | 2 3 4 |  4.9
Dodging        | 1 |  1.0
Fighting       | |  3.2
Armour         | |  3.2
Shields        | |  3.2

Action                     |  1- 3 |  4- 6 || total
---------------------------+-------+-------++-------
  Melee: War axe           |   106 |    54 ||   160
  Throw: Boomerang         |       |    11 ||    11
    Use: Scroll            |     4 |     3 ||     7
         Potion            |       |     2 ||     2
 Armour: Scale mail        |    63 |    15 ||    78
         Chain mail        |       |    17 ||    17
  Dodge: Dodged            |    40 |    31 ||    71
  Block: Buckler           |    16 |    18 ||    34

Table legend:
 A = Non-vault XP
 B = Vault XP
 C = Vault XP percentage of total XP
 D = Non-vault monster count
 E = Vault monster count
 F = Vault count percentage of total count
                 A         B        C        D         E       F
            +---------+---------+-------+---------+---------+-------
      Total |     214 |      36 |  14.4 |      68 |       1 |   1.4
            +---------+---------+-------+---------+---------+-------
        D:1 |      45 |       0 |   0.0 |      27 |       0 |   0.0
        D:2 |      38 |       0 |   0.0 |      19 |       0 |   0.0
        D:3 |     114 |      36 |  24.0 |      14 |       1 |   6.7
        D:4 |      17 |       0 |   0.0 |       8 |       0 |   0.0
            +---------+---------+-------+---------+---------+-------
